 Dungeon Crawl Stone Soup version 0.23.2-33-g5129a83184 (webtiles) character file.

Game seed: 5379620231100377668

12154 ianfitz1987 the Brawler (level 11, -18/92 HPs)
             Began as a Minotaur Berserker on July 22, 2019.
             Was a High Priest of Trog.
             Demolished by a large abomination (23 damage)
             ... on level 2 of the Abyss on July 23, 2019.
             The game lasted 00:49:12 (8225 turns).

ianfitz1987 the Brawler (Minotaur Berserker)        Turns: 8225, Time: 00:49:13

Health: -18/92     AC: 22    Str: 25    XL:     11   Next: 58%
Magic:  10/10      EV: 11    Int:  4    God:    Trog [*****.]
Gold:   645        SH:  5    Dex: 10    Spells: 10/10 levels left

rFire    . . .     SeeInvis .     - Unarmed
rCold    . . .     Gourm    .   (no shield)
rNeg     . . .     Faith    .   o - +1 plate armour
rPois    +         Spirit   .   (helmet restricted)
rElec    .         Reflect  +   n - +0 cloak
rCorr    .         Harm     .   s - +0 pair of gloves
MR       .....                  f - +2 pair of boots
Stlth    ..........             i - +5 amulet of reflection
HPRegen  0.25/turn              g - ring of poison resistance
MPRegen  0.12/turn              d - +2 ring of evasion

@: no status effects
A: retaliatory headbutt, horns 2
a: Berserk, Trog's Hand, Brothers in Arms, Renounce Religion


You were on level 2 of the Abyss.
You worshipped Trog.
Trog was extremely pleased with you.
You were not hungry.

You visited 1 branch of the dungeon, and saw 11 of its levels.
You visited the Abyss 1 time.

You collected 645 gold pieces.

Inventory:

Armour
 e - a scarf of cloud immunity
 f - a +2 pair of boots (worn)
 n - a +0 cloak (worn)
 o - a +1 plate armour (worn)
 s - a +0 pair of gloves (worn)
Jewellery
 d - a +2 ring of evasion (right hand)
 g - a ring of poison resistance (left hand)
 i - a +5 amulet of reflection (around neck)
 l - a +6 ring of intelligence
 w - a +3 ring of strength
Wands
 y - a wand of digging (3)
Scrolls
 a - a scroll of fear
 j - 5 scrolls of enchant weapon
 m - 2 scrolls of teleportation
 t - a scroll of fog
 v - a scroll of remove curse
 z - a scroll of identify
 A - a scroll of holy word {unknown}
Potions
 k - 2 potions of flight
 p - 3 potions of lignification
 u - a potion of ambrosia {unknown}
 x - a potion of haste {unknown}
Comestibles
 b - 7 rations


   Skills:
 + Level 7.0 Fighting
 + Level 10.6 Armour
 + Level 5.1 Dodging
 + Level 2.0 Stealth
 + Level 15.7 Unarmed Combat


You had 10 spell levels left.
You didn't know any spells.
Your spell library was empty.

Dungeon Overview and Level Annotations

Branches:
Dungeon (11/15)            Temple (0/1) D:4            Lair (0/6) D:10
    Orc: D:9-12

Altars:
Ashenzari
Gozag
Hepliaklqana
Kikubaaqudgha
Makhleb
Okawaru
Ru
Trog
Uskayaw
Vehumet
Xom
The Shining One

Annotations:
D:11 Erolcha


Innate Abilities, Weirdness & Mutations

You reflexively headbutt those who attack you in melee.
You have a pair of horns on your head.


Message History

You see here a +4 scimitar of flaming.
It was a potion of magic.
Magic courses through your body.
A rakshasa comes into view. It is wielding a +0 whip.
You see here a +4 scimitar of flaming.
The rakshasa blinks!
You barely miss the large abomination.
The large abomination hits you but does no damage.
You hit the large abomination but do no damage.
The large abomination barely misses you.
You hit the large abomination but do no damage.
You punch the large abomination.
The large abomination is lightly damaged.
You hit the large abomination but do no damage.
You headbutt the large abomination. You punch the large abomination.
The large abomination is lightly damaged.
The large abomination closely misses you.
You pummel the large abomination!!
The large abomination is heavily damaged.
The large abomination hits you!!
You die...

≈≈..#≈≈ .#.
≈#.#≈≈≈##..
≈≈≈≈≈≈ .≈.
≈≈≈≈≈≈#.# .
≈#.≈≈≈≈..# #
#.# ..≈≈≈≈).#
.#. .
#≈≈≈≈≈.### # .
. . ....≈≈.RX.#
.# .#.##♣
.##@#.# .. ...
.##..## . ..##
. . ##..## ....
_....
##.##..#)#.....
. . .
#...#..###
...... .
#.....##. .. .
. ...#. ..# .
.... .. . .....
.... ...... .
.. ......#.
....... . ..


You could see a rakshasa and a large abomination.

Vanquished Creatures
  2 two-headed ogres
  The ghost of Folque the Destroyer, a novice DrEE of Vehumet (D:8)
  An ugly thing (D:11)
  A centaur skeleton (D:11)
  An efreet (Abyss:2)
  3 polar bears (D:8)
  2 trolls
  A meliai (D:9)
  A hippogriff (D:11)
  A dream sheep (D:8)
  Eustachio (D:6)
  4 yaks (D:8)
  A wyvern (D:11)
  Grum (D:8)
  2 hungry ghosts
  A water moccasin (D:11)
  3 porcupines (D:10)
  3 orc warriors (D:11)
  4 ice beasts
  2 large abominations (Abyss:2)
  2 sky beasts
  7 black bears (D:8)
  An eye of draining (D:10)
  4 phantoms
  9 ogres
  3 wolves (D:8)
  3 centaurs
  6 bullfrogs
  Blork the orc (D:5)
  A gnoll sergeant (D:7)
  A wyvern skeleton (D:10)
  3 scorpions
  7 killer bees (D:11)
  9 wights
  2 centaur zombies
  2 crimson imps
  A jelly (D:5)
  4 hounds
  A quasit (D:10)
  2 bullfrog zombies
  2 orc priests
  A bullfrog skeleton (D:7)
  Crazy Yiuf (D:6)
  An orc wizard (D:5)
  3 iguanas
  7 worker ants
  A hound zombie (D:9)
  2 hound skeletons
  11 gnolls
  A howler monkey skeleton (D:10)
  7 adders
  2 shadow imps
  2 worms (D:2)
  2 dart slugs (D:3)
  4 leopard geckos
  17 orcs
  10 bats
  4 giant cockroaches
  5 goblins
  6 hobgoblins
  3 jackals (D:7)
  6 quokkas
  A ball python (D:4)
  4 frilled lizards
  4 kobolds
  A leopard gecko zombie (D:6)
  6 rats
  5 fungi
224 creatures vanquished.

Vanquished Creatures (collateral kills)
  A vampire (D:11)
  A big kobold (D:11)
  3 killer bees (D:11)
  3 kobolds (D:11)
8 creatures vanquished.

Vanquished Creatures (others)
  A wizard (D:4)
  A centaur (D:8)
  An adder (D:11)
3 creatures vanquished.

Grand Total: 235 creatures vanquished

Notes
Turn   | Place    | Note
-------+----------+-------------------------------------------
     0 | D:1      | ianfitz1987 the Minotaur Berserker began the quest for the
                  | Orb.
     0 | D:1      | Reached XP level 1. HP: 19/19 MP: 0/0
    13 | D:1      | Noticed a minotaur zombie
   270 | D:1      | Reached XP level 2. HP: 26/27 MP: 1/1
   984 | D:2      | Reached XP level 3. HP: 33/34 MP: 2/2
  1170 | D:2      | Reached skill level 4 in Unarmed Combat
  1404 | D:2      | Reached ** piety under Trog
  1549 | D:3      | Reached XP level 4. HP: 41/41 MP: 3/3
  2111 | D:3      | Reached XP level 5. HP: 46/47 MP: 4/4
  2419 | D:4      | Reached skill level 5 in Unarmed Combat
  2460 | D:4      | Got a steaming scale mail
  2754 | D:4      | Found a bloodstained altar of Trog.
  2755 | D:4      | Found a burning altar of Makhleb.
  2756 | D:4      | Found an opulent altar of Gozag.
  2756 | D:4      | Found an ancient bone altar of Kikubaaqudgha.
  2757 | D:4      | Found an iron altar of Okawaru.
  2759 | D:4      | Found a radiant altar of Vehumet.
  2760 | D:4      | Found a sacrificial altar of Ru.
  2761 | D:4      | Found a hide-covered altar of Uskayaw.
  2878 | D:4      | Noticed an ogre
  2886 | D:4      | Reached skill level 5 in Fighting
  2890 | D:4      | Killed an ogre
  2890 | D:4      | Reached XP level 6. HP: 17/56 MP: 5/5
  3157 | D:4      | Reached skill level 1 in Stealth
  3157 | D:4      | Reached skill level 6 in Unarmed Combat
  3176 | D:4      | Reached *** piety under Trog
  3350 | D:4      | Identified the +1 scale mail of Icsub {+Fly rF- rC+} (You
                  | found it on level 4 of the Dungeon)
  3365 | D:4      | Found a staircase to the Ecumenical Temple.
  3403 | D:4      | Found a glowing golden altar of the Shining One.
  3423 | D:4      | Found a shimmering altar of Xom.
  3465 | D:4      | Found a bloodstained altar of Trog.
  3467 | D:4      | Noticed a wizard
  3472 | D:4      | Killed a wizard
  3598 | D:5      | Entered Level 5 of the Dungeon
  3845 | D:5      | Reached XP level 7. HP: 49/61 MP: 6/6
  3864 | D:5      | Reached skill level 7 in Unarmed Combat
  4088 | D:5      | Noticed Blork the orc
  4098 | D:5      | Killed Blork the orc
  4337 | D:6      | Reached skill level 8 in Unarmed Combat
  4341 | D:6      | Reached XP level 8. HP: 70/70 MP: 7/7
  4531 | D:6      | Found a hazy altar of Hepliaklqana.
  4610 | D:6      | Reached skill level 5 in Armour
  4625 | D:6      | Found a shattered altar of Ashenzari.
  4634 | D:6      | Reached skill level 9 in Unarmed Combat
  4689 | D:6      | Noticed Eustachio
  4700 | D:6      | Killed Eustachio
  5065 | D:6      | Found a runed translucent door.
  5066 | D:6      | Noticed Crazy Yiuf
  5072 | D:6      | Killed Crazy Yiuf
  5256 | D:7      | Reached skill level 10 in Unarmed Combat
  5322 | D:7      | Noticed a two-headed ogre
  5327 | D:7      | Reached XP level 9. HP: 73/75 MP: 8/8
  5333 | D:7      | Reached **** piety under Trog
  5337 | D:7      | Killed a two-headed ogre
  5337 | D:7      | Reached skill level 11 in Unarmed Combat
  5777 | D:7      | Noticed a troll
  5786 | D:7      | Killed a troll
  5786 | D:7      | Reached skill level 12 in Unarmed Combat
  5965 | D:8      | Noticed Grum
  5977 | D:8      | Killed Grum
  6004 | D:8      | Reached XP level 10. HP: 70/83 MP: 9/9
  6124 | D:8      | Found a huge runed translucent gate.
  6125 | D:8      | Found a huge runed translucent gate.
  6125 | D:8      | Found a huge runed translucent gate.
  6125 | D:8      | Found a huge runed translucent gate.
  6159 | D:8      | Reached skill level 13 in Unarmed Combat
  6187 | D:8      | Received a gift from Trog
  6245 | D:8      | Noticed Folque's ghost (novice DrEE)
  6246 | D:8      | Found a transporter.
  6261 | D:8      | Found a transporter.
  6427 | D:8      | Reached ***** piety under Trog
  6427 | D:8      | Reached skill level 14 in Unarmed Combat
  6498 | D:8      | Killed Folque's ghost
  7113 | D:9      | Reached XP level 11. HP: 70/91 MP: 10/10
  7130 | D:10     | Entered Level 10 of the Dungeon
  7286 | D:10     | Received a gift from Trog
  7686 | D:10     | Reached skill level 10 in Armour
  7965 | D:11     | Noticed a green ugly thing
  7983 | D:11     | Killed a green ugly thing
  7989 | D:11     | Reached skill level 15 in Unarmed Combat
  8091 | D:11     | Noticed Erolcha
  8095 | D:11     | Noticed a two-headed ogre
  8119 | D:11     | Reached skill level 5 in Dodging
  8138 | D:11     | Killed a two-headed ogre
  8150 | D:11     | Cast into level 2 of the Abyss (Erolcha)
  8150 | Abyss:2  | Found a corrupted altar of Lugonu.
  8210 | Abyss:2  | HP: 2/92 [efreet/fireball (6)]
  8213 | Abyss:2  | Noticed a large abomination
  8215 | Abyss:2  | Noticed a rakshasa
  8225 | Abyss:2  | Demolished by a large abomination

Skill      XL: |  1  2  3  4  5  6  7  8  9 10 11 |
---------------+----------------------------------+-----
Fighting       | 4 5 6 7 |  7.0
Unarmed Combat | 4 5 6 8 10 12 14 15 | 15.7
Armour         | 3 4 6 7 9 10 | 10.6
Dodging        | 3 4 5 |  5.1
Stealth        | 1 2 |  2.0

Action                   |  1- 3 |  4- 6 |  7- 9 | 10-12 || total
-------------------------+-------+-------+-------+-------++-------
Melee: Unarmed           |    58 |   111 |   238 |   288 ||   695
       Headbutt          |    15 |    21 |    63 |    64 ||   163
       Punch             |       |     3 |     5 |    15 ||    23
Invok: Berserk           |       |       |     3 |     1 ||     4
       Trog's Hand       |       |       |     1 |     1 ||     2
       Brothers in Arms  |       |       |       |     1 ||     1
  Use: Scroll            |     4 |     7 |     3 |     5 ||    19
       Potion            |       |     1 |     1 |    10 ||    12
  Eat: Ration            |     1 |     2 |     2 |     3 ||     8
       Chunk             |       |     1 |     2 |     4 ||     7
Armor: Animal skin       |     2 |       |       |       ||     2
       Leather armour    |    14 |    18 |       |       ||    32
       Plate armour      |       |     3 |   145 |   240 ||   388
       Scale mail        |       |     1 |       |       ||     1
Dodge: Dodged            |    37 |    63 |   101 |   202 ||   403
Block: Other             |       |       |     5 |    88 ||    93
       Reflection        |       |       |       |     8 ||     8
